 Dungeon Crawl Stone Soup version 0.27-a0-681-g0c81a3c1c3 (webtiles) character file.

Game seed: 4117301246311587476

55 jestyr24 the Skirmisher (level 3, -3/34 HPs)
             Began as a Minotaur Fighter on Mar 19, 2021.
             Slain by Sigmund
             ... wielding a +0 scythe
              (12 damage)
             ... on level 2 of the Dungeon.
             The game lasted 00:02:55 (1293 turns).

jestyr24 the Skirmisher (Minotaur Fighter)          Turns: 1293, Time: 00:02:56

Health: -3/34      AC:  7    Str: 20    XL:     3   Next: 67%
Magic:  2/2        EV:  7    Int:  5    God:
Gold:   30         SH:  9    Dex: 10    Spells: 2/2 levels left

rFire    . . .     SeeInvis .   a - +0 long sword
rCold    . . .     Faith    .   c - +0 kite shield
rNeg     . . .     Spirit   .   b - +0 scale mail
rPois    .         Reflect  .   (helmet restricted)
rElec    .         Harm     .   (no cloak)
rCorr    .         Rampage  .   (no gloves)
Will     .....                  (no boots)
Stlth    ..........             (no amulet)
HPRegen  0.11/turn              (no ring)
MPRegen  0.08/turn              (no ring)

@: no status effects
A: horns 2, retaliatory headbutt
a: no special abilities


You were on level 2 of the Dungeon.
You visited 1 branch of the dungeon, and saw 2 of its levels.

You collected 30 gold pieces.

Inventory:

Hand Weapons
 a - a +0 long sword (weapon)
Armour
 b - a +0 scale mail (worn)
 c - a +0 kite shield (worn)
Scrolls
 e - a scroll of identify {unknown}
 f - a scroll of torment
Potions
 d - a potion of might
 g - a potion of ambrosia {unknown}
 h - a potion of haste {unknown}


   Skills:
 + Level 4.7 Fighting
 + Level 3.7 Long Blades
 - Level 3.7 Armour
 - Level 3.7 Shields


You had 2 spell levels left.
You didn't know any spells.
Your spell library was empty.

Dungeon Overview and Level Annotations

Branches:
Dungeon (2/15)

Altars:

Annotations:
D:2 Sigmund


Innate Abilities, Weirdness & Mutations

You have a pair of horns on your head.
You reflexively headbutt those who attack you in melee.


Message History

You closely miss the jackal.
The jackal is severely wounded.
The jackal bites you but does no damage. x4
You hit the jackal.
You kill the jackal!
The jackal bites you but does no damage.
You block the jackal's attack. You block the jackal's attack.
You hit the jackal but do no damage. Your headbutt misses the jackal.
The jackal is severely wounded.
The jackal bites you but does no damage.
The jackal barely misses you.
You riposte.
You slash the jackal!
You kill the jackal!
A rat comes into view.
Things that are here:
a jackal corpse; a jackal corpse You block the rat's attack.
The rat barely misses you. You furiously retaliate!
You headbutt the rat!
You kill the rat!
You see here a rat corpse.
Sigmund shouts!
Sigmund is nearby!
You see here 17 bolts.
Sigmund barely misses you.
You hit Sigmund.
Sigmund is lightly wounded.
Sigmund's eyes start glowing with a red light.
Sigmund hits you with a +0 scythe!
You hit Sigmund. You headbutt Sigmund!
Sigmund is severely wounded.
Sigmund hits you with a +0 scythe!
You closely miss Sigmund. Your headbutt misses Sigmund.
Sigmund is severely wounded.
Sigmund hits you with a +0 scythe.
* * * LOW HITPOINT WARNING * * *
You block Sigmund's attack.
You barely miss Sigmund.
Sigmund is severely wounded.
Sigmund hits you with a +0 scythe!
You die...

#######.###.).#
#..............
###..###..###...#
....>....# #..## .
#..#.#..###.## #.####
###..........### ...#
#.(.†..........#
#.###.####†#.....#.#
#...@....#..###..#.#
#..@.....#.†# #..#.#
#..<.....##.###.##.#
####........###.......#
#...........# ##.######
###.##........#
#......# .............#
#..###.#
#.#.#####.#####
#..###.# #.#....†..#
#....#.#


You could see Sigmund.

Vanquished Creatures
  An adder (D:2)
  2 leopard geckos (D:1)
  5 giant cockroaches (D:1)
  4 goblins
  3 hobgoblins
  8 jackals
  3 kobolds (D:1)
  3 quokkas
  3 bats (D:1)
  A frilled lizard (D:1)
  5 rats
38 creatures vanquished.

Notes
Turn   | Place    | Note
-------+----------+-------------------------------------------
     0 | D:1      | jestyr24 the Minotaur Fighter began the quest for the Orb.
     0 | D:1      | Reached XP level 1. HP: 19/19 MP: 0/0
    36 | D:1      | Reached skill level 4 in Fighting
   162 | D:1      | Reached XP level 2. HP: 27/27 MP: 1/1
   546 | D:1      | Reached XP level 3. HP: 28/34 MP: 2/2
   794 | D:2      | Noticed Sigmund
  1293 | D:2      | Slain by Sigmund

Illustrated notes

Levels and vault maps discovered:
D:1:      wander_arrival_abandoned_jail, layout_basic
D:2:      layout_loops_cross, uniq_robin, uniq_sigmund, uniq_terence

Skill      XL: |  1  2 |
---------------+-------+-----
Fighting       | 4 |  4.7
Long Blades    | 3 |  3.7
Armour         | |  3.7
Shields        | |  3.7

Action                   || total
-------------------------++-------
Melee: Long sword        ||    77
       Headbutt          ||    14
  Use: Scroll            ||     3
Armor: Scale mail        ||    43
Dodge: Dodged            ||    38
Block: Kite shield       ||    46
       Rpst.: Long sword ||     9

Table legend: (Time is in decaauts)
 A = Elapsed time spent in this place.
 B = Non-inter-level travel time spent in this place.
 C = Inter-level travel time spent in this place.
 D = Time resting spent in this place.
 E = Time spent auto-exploring this place.
 F = Levels seen in this place.
 G = Mean time per level.
                   A        B        C        D        E       F      G
               +--------+--------+--------+--------+--------+-----+--------+
         Total |   1330 |   1305 |     25 |    278 |    722 |   2 |  665.0 |
       Dungeon |   1330 |   1305 |     25 |    278 |    722 |   2 |  665.0 |
               +--------+--------+--------+--------+--------+-----+--------+

Top non-repeatable levels by time:
     D:1: 790 daAuts
     D:2: 539 daAuts
